 Dungeon Crawl Stone Soup version 0.29-a0-911-g88e6f02907 (webtiles) character file.

Game seed: 12605605550127259915

28 dolemite99 the Caller (level 2, -1/20 HPs)
             Began as a Draconian Summoner on July 26, 2022.
             Was a Follower of Sif Muna.
             Shot with a sling bullet by a goblin (3 damage)
             ... on level 2 of the Dungeon.
             The game lasted 00:02:31 (2323 turns).

dolemite99 the Caller (Draconian Summoner)          Turns: 2323, Time: 00:02:32

Health: -1/20      AC:  4    Str: 10    XL:     2   Next: 96%
Magic:  0/5        EV: 12    Int: 15    God:    Sif Muna [*.....]
Gold:   108        SH:  0    Dex: 11    Spells: 2/5 levels left

rFire   . . .      SeeInvis .   a - +0 sling
rCold   . . .      Faith    .   (no shield)
rNeg    . . .      Spirit   .   (body armour unavailable)
rPois   .          Reflect  .   (helmet restricted)
rElec   .          Harm     .   (no cloak)
rCorr   .          Rampage  .   (no gloves)
Will    .....                   (no boots)
Stlth   ++........              (no amulet)
HPRegen 0.06/turn               (no ring)
MPRegen 0.09/turn               (no ring)

@: no status effects
A: AC +4, unfitting armour, cold-blooded
a: Renounce Religion, Channel Magic


You were on level 2 of the Dungeon.
You worshipped Sif Muna.
Sif Muna was aware of your devotion.
You visited 1 branch of the dungeon, and saw 2 of its levels.

You collected 108 gold pieces.

Inventory:

Hand Weapons
 a - a +0 sling (weapon)
 b - a +0 spear
Missiles
 d - 5 poisoned darts
 g - 16 stones
Magical Staves
 p - a staff of cold
Jewellery
 j - a +4 ring of evasion
Scrolls
 c - a scroll of enchant armour {unknown}
 h - a scroll of vulnerability {unknown}
 k - a scroll of teleportation {unknown}
 m - a scroll of fear {unknown}
 n - a scroll of brand weapon {unknown}
Potions
 e - a potion of flight {unknown}
 f - a potion of magic
 i - a potion of might {unknown}
 l - a potion of haste {unknown}
 o - a potion of curing {unknown}


   Skills:
 + Level 0.4 Ranged Weapons
 - Level 1.7 Dodging
 - Level 1.7 Stealth
 - Level 2.0 Spellcasting
 + Level 4.9 Summonings


You had 2 spell levels left.
You knew the following spells:

 Your Spells              Type           Power      Damage    Failure   Level
a - Summon Small Mammal   Summ           64%        N/A       3%          1
b - Call Imp              Summ           16%        N/A       4%          2

Your spell library contained the following spells:

 Spells                   Type           Power      Damage    Failure   Level
 Call Canine Familiar     Summ           16%        N/A       9%          3
 Summon Guardian Golem    Hex/Summ       8%         N/A       24%         3
 Summon Lightning Spire   Summ/Air       8%         N/A       63%         4


Dungeon Overview and Level Annotations

Branches:
Dungeon (2/15)

Altars:
Sif Muna


Innate Abilities, Weirdness & Mutations

Your plain brown scales are hard. (AC +4)
You cannot fit into any form of body armour.
You are cold-blooded and may be slowed by cold attacks.


Message History

The sling bullet closely misses your crimson imp.
The sling bullet hits you but does no damage.
The goblin shoots a sling bullet.
The sling bullet hits your crimson imp.
The goblin shoots a sling bullet.
The sling bullet closely misses your crimson imp.
The sling bullet hits you but does no damage.
Your crimson imp barely misses the goblin.
Your crimson imp barely misses the goblin.
The goblin wields a +0 sling.
The goblin shoots a sling bullet.
The sling bullet misses your crimson imp.
The sling bullet hits you.
Your crimson imp barely misses the goblin.
Something barely misses your crimson imp.
Something barely misses your crimson imp.
You see here a staff of cold.
p - a staff of cold Your crimson imp closely misses the goblin.
The goblin wields a +0 sling.
The goblin shoots a sling bullet.
The sling bullet hits you.
Your crimson imp blinks!
Okay, then.
There is a stone staircase leading down here.
You start resting.
A goblin is nearby!
There is an open door here.
Casting: Call Imp (safe; 4% risk of failure)
Confirm with . or Enter, or press ? or * to list all spells.
A beastly little devil appears in a puff of flame.
The goblin shoots a sling bullet.
The sling bullet hits you.
* * * LOW HITPOINT WARNING * * *
You swap places.
The goblin shoots a sling bullet.
The sling bullet hits your crimson imp.
Casting: Call Imp (safe; 4% risk of failure)
Confirm with . or Enter, or press ? or * to list all spells.
A beastly little devil appears in a puff of frigid air.
Your crimson imp disappears in a puff of smoke!
The goblin shoots a sling bullet.
The sling bullet hits you.
* * * LOW HITPOINT WARNING * * *
The goblin shoots a sling bullet.
The sling bullet hits you.
You die...

.g..# #####...###...###...##
.#### #..#.....#.....#.....### .#
######..'.....'..8..'.....'.# .#
#.......#.....#.....#.....#.## .#
#.....#.##...###...###...##... .#
#........##.##.##.##.##.##.#.. ##
#.....##..###..5###...###.....
####.....###..'.....'.....'.#####
.....>#### #####@..###...##.#
.####.# ##ยง## ##.##..# .####.#
##'# #'#...# ...##.# #.g#
#.#...### .#.##.###### #.##
#.......# .#.#.......# #>#
#.#...#.### ...g..####.#####.#
#.##.##....
##...............######.#<.##..##
###.#####.#####..).....#.#....##


You could see a goblin (ally target) and a friendly white imp (summoned).

Vanquished Creatures
  A dart slug (D:1)
  A ball python (D:1)
  A bat (D:1)
  2 giant cockroaches (D:1)
  2 goblins (D:2)
  A hobgoblin (D:1)
  A kobold (D:1)
  2 rats
11 creatures vanquished.

Vanquished Creatures (collateral kills)
  2 goblins
  4 hobgoblins
  2 ball pythons
  2 frilled lizards (D:1)
  2 kobolds (D:2)
12 creatures vanquished.

Grand Total: 23 creatures vanquished

Notes
Turn   | Place    | Note
-------+----------+-------------------------------------------
     0 | D:1      | dolemite99 the Draconian Summoner began the quest for the
                  | Orb.
     0 | D:1      | Reached XP level 1. HP: 14/14 MP: 3/3
   720 | D:1      | Reached XP level 2. HP: 5/20 MP: 0/5
  1256 | D:1      | Noticed a shining eye
  1258 | D:1      | Found a faded altar of an unknown god.
  1261 | D:1      | Noticed a floating eye
  1268 | D:1      | Noticed a floating eye
  1268 | D:1      | Noticed a shining eye
  1276 | D:1      | Prayed at the altar of an unknown god.
  1276 | D:1      | Became a worshipper of Sif Muna the Loreminder
  1276 | D:1      | Reached * piety under Sif Muna
  1426 | D:2      | Learned a level 2 spell: Call Imp
  2323 | D:2      | Shot with a sling bullet by a goblin

Illustrated notes

Levels and vault maps discovered:
D:1:      reono_arrival_forest_river, layout_rooms,
          hellmonk_ecumenical_altar_watching_god, serial_glass, glass_columns_a,
          glass_columns_a, feat_on_display
D:2:      layout_loops_cross, nicolae_hexahallways,
          hangedman_abyss_or_decor_lesser_grid, minmay_goblin_outpost

Action                   || total
-------------------------++-------
Melee: Spear             ||     8
       Unarmed           ||     1
       Tailslap          ||     1
 Fire: Sling             ||    25
 Cast: Summon Small Mamm ||    18
       Call Imp          ||    11
Armor: Skin              ||    24
Dodge: Dodged            ||    45

Table legend: (Time is in decaauts)
 A = Elapsed time spent in this place.
 B = Non-inter-level travel time spent in this place.
 C = Inter-level travel time spent in this place.
 D = Time resting spent in this place.
 E = Time spent auto-exploring this place.
 F = Levels seen in this place.
 G = Mean time per level.
                   A        B        C        D        E       F      G
               +--------+--------+--------+--------+--------+-----+--------+
         Total |   2335 |   2306 |     29 |    863 |   1063 |   2 | 1167.5 |
       Dungeon |   2335 |   2306 |     29 |    863 |   1063 |   2 | 1167.5 |
               +--------+--------+--------+--------+--------+-----+--------+

Top non-repeatable levels by time:
     D:1: 1370 daAuts
     D:2: 965 daAuts
